cohdb
Replays
Latest Replays
All Replays
Popular Replays
Top Player Replays
Match Explorer
How It Works
Community
CoH3 Stats
Reddit
Sign in to upload your games and track your stats! →
Sign in with Steam
Match 36436316
Unlisted
Match 36436316
Overview
Messages
Build Orders
End
Construct Section Command Post
Royal Engineer Section
Selects Heavy Armor Battlegroup
Infantry Section
Infantry Section
Infantry Section
Construct Platoon Command Post
Humber Armored Car
Construct Field Infirmary
Grenade Package
6-pounder Anti-tank Gun Team
Selects Engineer Detachments
Selects Crusader AA Medium Tank
Crusader AA Medium Tank
Infantry Training
Royal Engineer Section
Vickers Machine Gun Team
Construct Company Command Post
Ole
DibbeTC
0
0
Comments
sign in to comment!
No comments posted yet!